 Dungeon Crawl Stone Soup version 0.29-a0-334-gb41bcbb86e (webtiles) character file.

Game seed: 1303353534032980645

151 bande the Covered (level 5, 0/33 HPs)
             Began as a Gargoyle Fighter on Apr 16, 2022.
             Was an Initiate of Okawaru.
             Slain by a sky beast (2 damage)
             ... on level 5 of the Dungeon.
             The game lasted 00:05:21 (3217 turns).

bande the Covered (Gargoyle Fighter)                Turns: 3217, Time: 00:05:22

Health: 0/33       AC: 15    Str: 20    XL:     5   Next: 33%
Magic:  5/5        EV:  9    Int:  8    God:    Okawaru [......]
Gold:   128        SH:  4    Dex: 11    Spells: 4/4 levels left

rFire   . . .      SeeInvis .   a - +0 war axe
rCold   . . .      Faith    .   c - +0 buckler
rNeg    + . .      Spirit   .   b - +0 scale mail
rPois   ∞          Reflect  .   (helmet restricted)
rElec   +          Harm     .   (no cloak)
rCorr   .          Rampage  .   h - +0 pair of gloves
Will    .....                   o - +2 pair of boots
Stlth   ..........              (no amulet)
HPRegen 0.11/turn               (no ring)
MPRegen 0.09/turn               (no ring)

@: no status effects
A: sickness immunity, AC +4, negative energy resistance 1, electricity
resistance, torment resistance 1, petrification resistance, antennae 1, wild
magic 1
a: Renounce Religion


You were on level 5 of the Dungeon.
You worshipped Okawaru.
Okawaru was noncommittal.
You visited 2 branches of the dungeon, and saw 6 of its levels.

You collected 128 gold pieces.

Inventory:

Hand Weapons
 a - a +0 war axe (weapon)
Armour
 b - a +0 scale mail (worn)
 c - a +0 buckler (worn)
 h - a +0 pair of gloves (worn)
 o - a +2 pair of boots (worn)
Jewellery
 e - a ring of magical power
Wands
 m - a wand of digging (7)
Scrolls
 l - 4 scrolls of teleportation
 q - a scroll of fog
Potions
 d - 2 potions of might
 f - a potion of ambrosia
 g - 2 potions of curing
 i - a potion of brilliance
 j - a potion of lignification {unknown}
 k - a potion of attraction {unknown}
 n - 2 potions of berserk rage {unknown}
 p - a potion of flight {unknown}


   Skills:
 + Level 4.0 Fighting
 + Level 3.2 Axes
 + Level 4.1 Armour
 + Level 3.8 Shields
 * Level 0.8 Invocations
 * Level 0.8 Evocations


You had 4 spell levels left.
You didn't know any spells.
Your spell library was empty.

Dungeon Overview and Level Annotations

Branches:
Dungeon (5/15)             Temple (1/1) D:4

Altars:
Nemelex Xobeh
Okawaru
Ru
Trog
Uskayaw
Vehumet
Wu Jian
Xom
Yredelemnul
The Shining One


Innate Abilities, Weirdness & Mutations

You are immune to sickness and miasma.
Your stone body is resilient. (AC +4)
You are immune to poison.
You resist negative energy. (rN+)
You are resistant to electric shocks. (rElec)
You are resistant to unholy torment.
You are immune to petrification.
You have a pair of small antennae on your head.
Your spells are a little harder to cast, but a little more powerful.


Message History

You closely miss something. You block something's attack.
You barely miss something.
A sky beast appears from thin air!
Reactivating autopickup.
You block the sky beast's attack.
You slash the sky beast!
The sky beast is almost dead.
The sky beast hits you but does no damage.
The sky beast flickers out of sight!
Deactivating autopickup; reactivate with Ctrl-A.
Something hits you but does no damage.
You barely miss something. Something hits you. Something shocks you.
You resist.
You closely miss something. Something hits you. Something shocks you.
You resist. Something hits you. Something shocks you. You resist.
You miss something. Something hits you. Something shocks you. You resist.
* * * LOW HITPOINT WARNING * * *
You barely miss something. Something hits you but does no damage.
You miss something.
A sky beast appears from thin air!
Reactivating autopickup.
The sky beast hits you.
* * * LOW HITPOINT WARNING * * *
The sky beast shocks you. You resist.
* * * LOW HITPOINT WARNING * * *
The sky beast hits you but does no damage.
You barely miss the sky beast.
The sky beast is almost dead.
The sky beast closely misses you.
You closely miss the sky beast.
The sky beast is almost dead.
The sky beast flickers out of sight!
Deactivating autopickup; reactivate with Ctrl-A.
Something hits you but does no damage. x2
You miss something. Something hits you.
* * * LOW HITPOINT WARNING * * *
Something shocks you. You resist.
* * * LOW HITPOINT WARNING * * *
You closely miss something. Something hits you.
* * * LOW HITPOINT WARNING * * *
Something shocks you. You resist.
You die...

###########
.......@<.#
.......{........
#.#########.####
#


There were no monsters in sight!

Vanquished Creatures
  A hound (D:4)
  A gnoll (D:4)
  4 adders
  3 dart slugs
  2 worms (D:3)
  2 orcs (D:4)
  7 ball pythons
  5 bats
  5 endoplasms
  3 giant cockroaches
  6 goblins
  2 hobgoblins
  2 jackals (D:2)
  11 kobolds
  4 quokkas (D:1)
  A frilled lizard (D:2)
  A rat (D:1)
60 creatures vanquished.

Vanquished Creatures (others)
  A plant (D:3)
1 creature vanquished.

Grand Total: 61 creatures vanquished

Notes
Turn   | Place    | Note
-------+----------+-------------------------------------------
     0 | D:1      | bande the Gargoyle Fighter began the quest for the Orb.
     0 | D:1      | Reached XP level 1. HP: 14/14 MP: 1/1
   213 | D:1      | Reached XP level 2. HP: 16/19 MP: 2/2
   557 | D:1      | Found a faded altar of an unknown god.
   925 | D:2      | Reached XP level 3. HP: 23/24 MP: 3/3
  1220 | D:2      | Found a radiant altar of Vehumet.
  1453 | D:2      | Gained mutation: You have a pair of small antennae on your
                  | head. [potion of mutation]
  1453 | D:2      | Gained mutation: Your spells are a little harder to cast,
                  | but a little more powerful. [potion of mutation]
  2285 | D:3      | Reached XP level 4. HP: 29/29 MP: 4/4
  2496 | D:3      | Found a glowing golden altar of the Shining One.
  2693 | D:4      | Found a staircase to the Ecumenical Temple.
  2704 | Temple   | Entered the Ecumenical Temple
  2708 | Temple   | Became a worshipper of Warmaster Okawaru
  2889 | D:4      | Reached XP level 5. HP: 29/33 MP: 5/5
  3148 | D:4      | Noticed a sky beast
  3181 | D:5      | Entered Level 5 of the Dungeon
  3217 | D:5      | Slain by a sky beast

Illustrated notes

Levels and vault maps discovered:
D:1:      minmay_arrival_four_houses, layout_basic,
          dreamdust_ecumenical_altar_statues, minmay_domino_2
D:2:      layout_loops_cross, basic_altar
D:3:      layout_basic, tso_oasis_becter, minmay_stone_trees_small,
          grunt_decor_cap, minmay_bisected
D:4:      layout_gridville, minmay_temple_entry_arrows, minmay_misc_feat_five
D:5:      layout_basic, lemuel_doored_altar, interstate_on_off, chequers_avenue
Temple:   nicolae_temple_x_marks_the_god

Skill      XL: |  1  2  3  4 |
---------------+-------------+-----
Axes           | 2 3 |  3.2
Armour         | 4 |  4.1
Fighting       | 4 |  4.0
Shields        | |  3.8
Invocations    | |  0.8
Evocations     | |  0.8

Action                   |  1- 3 |  4- 6 || total
-------------------------+-------+-------++-------
Melee: War axe           |   138 |   113 ||   251
  Use: Scroll            |     9 |     2 ||    11
       Potion            |     1 |       ||     1
Armor: Scale mail        |    86 |    96 ||   182
Dodge: Dodged            |    63 |    53 ||   116
Block: Buckler           |    36 |    24 ||    60

Table legend: (Time is in decaauts)
 A = Elapsed time spent in this place.
 B = Non-inter-level travel time spent in this place.
 C = Inter-level travel time spent in this place.
 D = Time resting spent in this place.
 E = Time spent auto-exploring this place.
 F = Levels seen in this place.
 G = Mean time per level.
                   A        B        C        D        E       F      G
               +--------+--------+--------+--------+--------+-----+--------+
         Total |   3322 |   3220 |    102 |      0 |   2470 |   6 |  553.7 |
       Dungeon |   3308 |   3206 |    102 |      0 |   2470 |   5 |  661.6 |
        Temple |     13 |     13 |      0 |      0 |      0 |   1 |   13.0 |
               +--------+--------+--------+--------+--------+-----+--------+

Top non-repeatable levels by time:
     D:3: 1107 daAuts
     D:1: 836 daAuts
     D:2: 762 daAuts
     D:4: 552 daAuts
     D:5: 49 daAuts
  Temple: 13 daAuts
